 Dungeon Crawl Stone Soup version 0.23-a0-488-g5fd82c5 (webtiles) character file.

14214 Amnesiac the Covert (level 11, 0/52 HPs)
             Began as a Spriggan Enchanter on Dec 2, 2018.
             Was an Initiate of Gozag.
             Slain by an orc warrior
             ... wielding a +0 long sword
             ... led by an orc warlord
              (14 damage)
             ... on level 2 of the Orcish Mines.
             The game lasted 00:48:14 (15820 turns).

Amnesiac the Covert (Spriggan Enchanter)           Turns: 15820, Time: 00:48:15

Health: 0/52       AC:  5    Str:  4    XL:     11   Next: 85%
Magic:  26/26      EV: 23    Int: 20    God:    Gozag
Gold:   3323       SH:  8    Dex: 17    Spells: 7/30 levels left

rFire    + . .     SeeInvis +   a - +0 short sword (elec)
rCold    + . .     Gourm    .   p - +0 buckler
rNeg     . . .     Faith    .   l - +1 robe {rC+ rF+}
rPois    .         Spirit   .   I - +2 hat {MR+}
rElec    .         Reflect  .   c - scarf {repulsion}
rCorr    .         Harm     .   (gloves unavailable)
MR       +++..                  (boots unavailable)
Stlth    +++++.....             (no amulet)
HPRegen  0.17/turn              (no ring)
MPRegen  0.20/turn              (no ring)

@: repel missiles, very quick
A: very small, unfitting armour, see invisible, herbivore, speed 3, magic
resistance 1, slow metabolism 2, wild magic 1, evolution 1
a: Potion Petition, Call Merchant, Bribe Branch, Renounce Religion


You were on level 2 of the Orcish Mines.
You worshipped Gozag.
Gozag was most pleased with you.
You were not hungry.

You visited 3 branches of the dungeon, and saw 12 of its levels.
You also visited: Ossuary and Bailey.

You collected 3675 gold pieces.
You spent 212 gold pieces at shops.
You paid 140 gold pieces to Gozag.

Inventory:

Hand Weapons
 a - a +0 short sword of electrocution (weapon)
 k - a +5 blowgun
Missiles
 q - 2 throwing nets (quivered)
 t - 32 poisoned needles
Armour
 c - a scarf of repulsion (worn)
 l - a +1 robe of resistance (worn)
 p - a +0 buckler (worn)
 I - a +2 hat of magic resistance (worn)
Wands
 e - a wand of acid (6)
 h - a wand of flame (12)
 H - a wand of iceblast (6)
 M - a wand of disintegration (19)
Scrolls
 d - 4 scrolls of remove curse {!r}
 f - 4 scrolls of teleportation {!r}
 n - 2 scrolls of amnesia {!r}
 o - a scroll of magic mapping {!r}
 r - 2 scrolls of enchant weapon {!r}
 x - a scroll of fear {!r}
Potions
 i - 3 potions of mutation {!q}
 u - 3 potions of brilliance {!q}
 v - 2 potions of curing {!q}
 F - a potion of resistance {!q}
 J - a potion of cancellation {!q}
 K - a potion of lignification {!q}
Comestibles
 s - 3 rations


   Skills:
 + Level 3.4 Fighting
 - Level 10.0 Short Blades
 - Level 8.0 Dodging
 - Level 10.0 Stealth
 - Level 7.2 Shields
 - Level 10.0 Spellcasting
 - Level 10.0 Hexes


You had 7 spell levels left.
You knew the following spells:

 Your Spells              Type           Power        Failure   Level  Hunger
a - Ensorcelled Hibernat  Hex/Ice        #####.       2%          2    None
b - Invisibility          Hex            ######..     24%         6    ######.
c - Summon Butterflies    Summ           ##......     11%         1    None
d - Dazzling Spray        Conj/Hex       #####.       4%          3    None
e - Confuse               Hex            ######..     1%          3    None
f - Apportation           Tloc           ##....       11%         1    None
r - Regeneration          Chrm/Necr      ##........   28%         3    None
w - Tukima's Dance        Hex            ######..     1%          3    None
z - Confusing Touch       Hex            ######       1%          1    None

Your spell library contained the following spells:

 Spells                   Type           Power        Failure   Level  Hunger
 Corona                   Hex            ######.      1%          1    None
 Animate Skeleton         Necr           N/A          11%         1    None
 Freeze                   Ice            ##..         11%         1    None
 Pain                     Necr           ##..         11%         1    None
 Throw Frost              Conj/Ice       ##....       16%         2    None
 Gell's Gravitas          Tloc           ##........   28%         3    None
 Lesser Beckoning         Tloc           ##........   28%         3    None
 Ozocubu's Armour         Chrm/Ice       ##......     28%         3    None
 Vampiric Draining        Necr           ##........   28%         3    None
 Metabolic Englaciation   Hex/Ice        #####.....   32%         5    ####...
 Yara's Violent Unravell  Hex/Tmut       #####.....   32%         5    ####...
 Animate Dead             Necr           N/A          65%         4    ##.....
 Petrify                  Tmut/Erth      ##......     65%         4    ##.....
 Summon Ice Beast         Ice/Summ       ##......     65%         4    ##.....
 Throw Icicle             Conj/Ice       ##......     65%         4    ##.....
 Alistair's Intoxication  Tmut/Pois      ##......     92%         5    ####...


Dungeon Overview and Level Annotations

Branches:
Dungeon (9/15)             Temple (1/1) D:7             Orc (2/2) D:9
    Elf (0/3) Orc:2
   Lair: D:8-11

Altars:
Ashenzari
Cheibriados
Dithmenos
Elyvilon
Fedhas
Gozag
Hepliaklqana
Kikubaaqudgha
Makhleb
Nemelex Xobeh
Okawaru
Qazlal
Ru
Sif Muna
Trog
Uskayaw
Vehumet
Wu Jian
Xom
Yredelemnul
Zin
The Shining One
Lugonu

Shops:
D:5 =   D:9 *   Orc:1 =?

Annotations:
Orc:2 Azrael


Innate Abilities, Weirdness & Mutations

You are very small and have problems with some larger weapons.
You are too small for most types of armour.
You have supernaturally acute eyesight. (SInv)
You are a herbivore.
You cover ground extremely quickly.
You need to consume almost no food.
You are resistant to hostile enchantments. (MR+)
Your spells are a little harder to cast, but a little more powerful.
You evolve.


Message History

You block the hell hound's attack. The hell hound barely misses you.
The orc closely misses you.
Casting: Ensorcelled Hibernation (safe; 2% risk of failure)
Confirm with . or Enter, or press ? or * to list all spells.
Aiming: Ensorcelled Hibernation (safe; 2% risk of failure)
Press: ? - help, Shift-Dir - straight line, f/p - hell hound
Aim: a hell hound (catching its breath, chance to defeat MR: 67%)
The hell hound looks drowsy...
The hell hound completely misses you. The orc completely misses you.
You block the hell hound's attack.
The helpless hell hound fails to defend itself.
You spit the hell hound like a pig!!!
You kill the hell hound!
You block the hell hound's attack.
Casting: Ensorcelled Hibernation (safe; 2% risk of failure)
Confirm with . or Enter, or press ? or * to list all spells.
Aiming: Ensorcelled Hibernation (safe; 2% risk of failure)
Press: ? - help, Shift-Dir - straight line, f - hell hound
Aim: a hell hound (chance to defeat MR: 67%)
The hell hound looks drowsy...
The orc completely misses you.
The helpless hell hound fails to defend itself.
You spit the hell hound like a pig!!!
Lightning courses through the hell hound!
You kill the hell hound!
The orc barely misses you.
Casting: Ensorcelled Hibernation (safe; 2% risk of failure)
Confirm with . or Enter, or press ? or * to list all spells.
Aiming: Ensorcelled Hibernation (safe; 2% risk of failure)
Press: ? - help, Shift-Dir - straight line, f - orc
Aim: an orc (chance to defeat MR: 81%)
The orc looks drowsy...
The helpless orc fails to defend itself.
You spit the orc like a pig!!! Lightning courses through the orc!
You kill the orc!
You start resting.
Magic restored.
You now have 3314 gold pieces (gained 4).
You now have 3317 gold pieces (gained 3).
You now have 3323 gold pieces (gained 6).
Things that are here:
a +0 robe; a cursed -1 dagger Done exploring.
Done exploring.
You start resting.
You start resting.
Magic restored.
You start resting.
HP restored.
You start resting.
There is a stone staircase leading down, spattered with blood here.
You see here a +0 giant club.
You climb downwards.
Level annotation: Azrael The orc warrior hits you with a +0 long sword!!
The orc barely misses you.
The orc priest invokes the aid of Beogh against you.
Beogh smites you!
* * * LOW HITPOINT WARNING * * *
You block the orc's attack. x2; The orc warrior barely misses you.
There is a stone staircase leading up, spattered with blood here.
You see here a tomahawk.
The orc closely misses you.
The orc warrior hits you with a +0 long sword!
You die...
Your body crumbles into a pile of gold.

...§...........##
.....h..........#
...........#....
..........#....
.........$...#
........o....###
..........o.o..##
......$o.oo@o...#
#.h....$..(o...##
..§........$(...#
.§.#....$..$..(.#
$....#...#$.....##
$ $...##$##..#...#
... ## ...##.## #.
##.## ## ###


You could see 3 orc warriors, a hell hound, an orc priest and 4 orcs.

Vanquished Creatures
  Gastronok (D:9)
  An orc warlord (Orc:1)
  An orc high priest (Orc:1)
  Pikel (D:8)
  A cyclops (Orc:2)
  3 orc sorcerers (Orc:1)
  A troll (Orc:1)
  A hornet (D:7)
  Prince Ribbit (D:8)
  A wraith (D:9)
  Eustachio (D:6)
  2 hungry ghosts
  Edmund (D:6)
  2 wargs (Orc:1)
  A water moccasin (D:8)
  5 hell hounds (Orc:1)
  A black bear (D:9)
  3 ice beasts
  18 orc warriors
  An eye of draining (D:9)
  A phantom (D:9)
  3 slaves (D:8)
  7 ogres
  7 centaurs
  A crocodile (D:8)
  4 bullfrogs
  5 scorpions
  5 water moccasin zombies (Ossuary)
  2 troll zombies (D:9)
  2 howler monkeys
  17 wights
  An electric eel (D:9)
  A crimson imp (D:9)
  A bullfrog zombie (D:6)
  A bullfrog skeleton (D:6)
  9 orc priests
  20 orc wizards
  2 hounds
  A gnoll shaman (D:6)
  2 iguanas
  5 worker ants
  3 big kobold zombies (Ossuary)
  6 ogre zombies (D:9)
  3 mummies
  A howler monkey skeleton (D:5)
  6 gnolls
  9 adders
  2 shadow imps
  An ooze (D:3)
  5 adder zombies (Ossuary)
  3 worms
  3 dart slugs (D:1)
  9 leopard geckos
  52 orcs
  11 giant cockroaches
  15 goblins
  9 hobgoblins
  11 jackals
  25 kobolds
  2 quokkas
  3 ball pythons
  4 bats
  4 frilled lizards
  A gnoll zombie (Ossuary)
  9 hobgoblin zombies
  A jackal skeleton (D:4)
  4 kobold zombies (Ossuary)
  7 orc skeletons (D:9)
  19 orc zombies
  2 quokka skeletons
  8 rats
382 creatures vanquished.

Vanquished Creatures (collateral kills)
  A wight (D:8)
1 creature vanquished.

Vanquished Creatures (others)
  A slave (D:8)
  An adder (D:8)
  An orc (Orc:2)
3 creatures vanquished.

Grand Total: 386 creatures vanquished

Notes
Turn   | Place    | Note
-------+----------+-------------------------------------------
     0 | D:1      | Amnesiac the Spriggan Enchanter began the quest for the
                  | Orb.
     0 | D:1      | Reached XP level 1. HP: 9/9 MP: 5/5
   113 | D:1      | Reached XP level 2. HP: 13/13 MP: 3/6
   117 | D:1      | Learned a level 2 spell: Ensorcelled Hibernation
   492 | D:3      | Reached XP level 3. HP: 14/16 MP: 0/8
   501 | D:3      | Reached skill level 5 in Stealth
   676 | D:3      | Found a faded altar of an unknown god.
   766 | D:4      | Reached XP level 4. HP: 13/21 MP: 2/9
   831 | D:4      | Learned a level 3 spell: Tukima's Dance
   835 | D:4      | Learned a level 3 spell: Confuse
   844 | D:5      | Entered Level 5 of the Dungeon
   865 | D:5      | Found a stormy altar of Qazlal.
  1093 | D:4      | Reached XP level 5. HP: 21/24 MP: 8/10
  1135 | D:4      | Reached skill level 5 in Dodging
  1324 | D:4      | Noticed an ogre
  1326 | D:4      | Killed an ogre
  1326 | D:4      | Reached XP level 6. HP: 28/28 MP: 11/11
  1841 | D:5      | HP: 1/28 [orc priest/+0 mace (3)]
  2169 | D:5      | Noticed an ice beast
  2429 | D:4      | Killed an ice beast
  2429 | D:4      | Reached XP level 7. HP: 7/32 MP: 1/12
  2808 | D:5      | Found an ornate altar of the Wu Jian Council.
  2810 | D:5      | Found a hide-covered altar of Uskayaw.
  2811 | D:5      | Found a glowing silver altar of Zin.
  2900 | D:5      | Found a snail-covered altar of Cheibriados.
  3001 | D:6      | Learned a level 1 spell: Confusing Touch
  3002 | D:6      | Noticed Edmund
  3023 | D:6      | Killed Edmund
  3143 | D:6      | Reached skill level 5 in Short Blades
  3150 | D:6      | Noticed Eustachio
  3202 | D:6      | Reached XP level 8. HP: 30/36 MP: 1/15
  3271 | D:6      | Killed Eustachio
  3521 | D:5      | Found Jungy's Jewellery Emporium.
  3593 | D:5      | Found a glowing golden altar of the Shining One.
  3595 | D:5      | Noticed an angel
  3603 | D:5      | Found a basalt altar of Yredelemnul.
  3606 | D:5      | Noticed a profane servitor
  3894 | D:6      | Reached skill level 10 in Stealth
  3941 | D:6      | Found a sacrificial altar of Ru.
  4791 | D:7      | Found a staircase to the Ecumenical Temple.
  4804 | Temple   | Entered the Ecumenical Temple
  4830 | Temple   | Became a worshipper of Gozag Ym Sagoz the Greedy
  4983 | D:7      | Reached XP level 9. HP: 20/39 MP: 15/17
  4999 | D:7      | Reached skill level 5 in Hexes
  5012 | D:7      | Reached skill level 5 in Spellcasting
  5172 | D:7      | Learned a level 3 spell: Regeneration
  5201 | D:7      | Found a flagged portal.
  5249 | D:7      | Learned a level 3 spell: Dazzling Spray
  5250 | Bailey   | Entered a bailey
  5687 | Bailey   | Gained mutation: You evolve. [potion of mutation]
  5687 | Bailey   | Gained mutation: You are occasionally teleported next to
                  | monsters. [potion of mutation]
  5687 | Bailey   | Gained mutation: Your spells are a little harder to cast,
                  | but a little more powerful. [potion of mutation]
  6685 | D:3      | Found a deep blue altar of Sif Muna.
  6701 | D:3      | Found a shadowy altar of Dithmenos.
  7565 | D:2      | Gained mutation: You are resistant to hostile enchantments.
                  | (MR+) [evolution]
  8034 | D:3      | Found an ancient bone altar of Kikubaaqudgha.
  8591 | D:3      | Found a white marble altar of Elyvilon.
  8591 | D:3      | Found a bloodstained altar of Trog.
  8592 | D:3      | Found a shattered altar of Ashenzari.
  9093 | D:8      | Reached skill level 1 in Shields
  9190 | D:8      | Noticed Pikel
  9203 | D:8      | Killed Pikel
  9203 | D:8      | Reached XP level 10. HP: 35/44 MP: 12/21
  9277 | D:8      | Found a sand-covered staircase.
  9288 | Ossuary  | Entered an ossuary
  9598 | Ossuary  | Reached skill level 10 in Short Blades
 10195 | D:8      | Noticed Prince Ribbit
 10213 | D:8      | Killed Prince Ribbit
 10543 | D:9      | Noticed Gastronok
 10547 | D:9      | Found a staircase to the Orcish Mines.
 11169 | D:9      | Found a radiant altar of Vehumet.
 11320 | D:9      | Killed Gastronok
 11682 | D:9      | Found a sparkling altar of Nemelex Xobeh.
 11701 | D:9      | Found Onteur's Assorted Antiques.
 11705 | D:9      | Learned a level 1 spell: Summon Butterflies
 11707 | D:9      | Learned a level 1 spell: Apportation
 11713 | D:9      | Bought a sedimented orange potion for 32 gold pieces
 11713 | D:9      | Bought a scroll labeled AJIPEPTUAFI for 36 gold pieces
 11714 | D:9      | Bought a curved wooden wand for 144 gold pieces
 11721 | D:9      | Identified a scroll of acquirement {!r}
 11861 | D:9      | Reached XP level 11. HP: 47/47 MP: 25/25
 12108 | D:9      | HP: 2/47 [poisoned by a wight]
 12427 | Orc:1    | Entered Level 1 of the Orcish Mines
 12703 | Orc:1    | Lost mutation: You are occasionally teleported next to
                  | monsters. [evolution]
 12707 | Orc:1    | Noticed an orc sorcerer
 12710 | Orc:1    | Killed an orc sorcerer
 12846 | Orc:1    | Found Ufug's Jewellery Boutique.
 12848 | Orc:1    | Noticed an orc high priest
 12883 | Orc:1    | Killed an orc high priest
 12883 | Orc:1    | Reached skill level 10 in Spellcasting
 12883 | Orc:1    | Reached skill level 10 in Hexes
 13192 | Orc:1    | Reached skill level 5 in Shields
 13545 | Orc:1    | Found Sivvic's Magic Scroll Shoppe.
 13556 | Orc:2    | Entered Level 2 of the Orcish Mines
 13556 | Orc:2    | Found a staircase to the Elven Halls.
 13561 | Orc:2    | Noticed an orc sorcerer
 14391 | Orc:1    | HP: 2/47 [hell hound[Azrael] (6)]
 14723 | Orc:1    | Killed an orc sorcerer
 14995 | Orc:2    | Noticed an orc sorcerer
 14996 | Orc:2    | Noticed Azrael
 15003 | Orc:1    | Killed an orc sorcerer
 15081 | Orc:2    | Noticed an orc warlord
 15239 | Orc:1    | Learned a level 6 spell: Invisibility
 15552 | Orc:1    | Killed an orc warlord
 15820 | Orc:2    | Slain by an orc warrior

Vault maps used:
D:1:      minmay_arrival_arboretum_small, dk_noncrumbling_3
D:2:      wander_ebering_terrifying_dragon_lair
D:3:      minitemple, kiku_gazebo_garden_becter,
          chequers_ecumenical_altar_simple, minmay_crystal_water
D:4:      cheibrodos_barr_body, skrybe_limestone_x
D:5:      grunt_temple_overflow_holy_war, nicolae_overflow_quartered_altars,
          kennysheep_mini_moat, first_ration, serial_shops, shop,
          uniq_blork_the_orc
D:6:      nicolae_ru_awakened_eye, uniq_eustachio, uniq_edmund
D:7:      minmay_temple_entry_mini_moons, enter_bailey_3, grunt_ogre_cave
D:8:      gup_ossuary_entry_pyramid, uniq_prince_ribbit1, uniq_pikel
D:9:      statuecave_lemuel, nicolae_overflow_hidden_temple, zombieorc2_lemuel,
          basic_altar, serial_shops, shop, uniq_gastronok
Temple:   corrupted_temple
Orc:1:    serial_shops, nicolae_shop_behind_doors, shop
Orc:2:    st_orc_rangers, basic_altar, uniq_azrael
Ossuary:  ossuary_tomb_2
Bailey:   bailey_axe_1, bailey

Skill      XL: |  1  2  3  4  5  6  7  8  9 10 11 |
---------------+----------------------------------+-----
Spellcasting   | 3 4 7 9 10 | 10.0
Hexes          | 4 7 9 10 | 10.0
Stealth        | 5 6 7 8 9 10 | 10.0
Short Blades   | 2 3 4 5 8 9 10 | 10.0
Dodging        | 4 5 7 8 |  8.0
Shields        | 1 4 7 |  7.2
Fighting       | 3 |  3.4

Action                   |  1- 3 |  4- 6 |  7- 9 | 10-12 || total
-------------------------+-------+-------+-------+-------++-------
Melee: Dagger            |    48 |    99 |   810 |       ||   957
       Short sword       |       |       |    47 |   587 ||   634
 Cast: Corona            |     5 |       |       |       ||     5
       Ensorcelled Hiber |    11 |    19 |    53 |    21 ||   104
       Confuse           |       |    15 |    66 |   103 ||   184
       Confusing Touch   |       |       |     2 |       ||     2
       Dazzling Spray    |       |       |     1 |     7 ||     8
       Tukima's Dance    |       |       |     1 |     1 ||     2
       Invisibility      |       |       |       |     1 ||     1
Invok: Potion Petition   |       |       |     1 |       ||     1
Evoke: Wand              |       |       |     2 |       ||     2
  Use: Scroll            |     3 |       |     4 |    10 ||    17
       Potion            |       |     2 |     4 |     7 ||    13
 Stab: Sleeping          |    10 |    17 |    47 |    26 ||   100
       Confused          |       |     4 |    26 |    59 ||    89
       Invisible         |       |     1 |     2 |     6 ||     9
       Distracted        |       |       |     8 |     4 ||    12
  Eat: Ration            |       |     5 |     6 |     2 ||    13
Armor: Robe              |     3 |     5 |    26 |    22 ||    56
Dodge: Dodged            |    73 |    76 |   575 |   365 ||  1089
       Deflected         |       |       |     4 |    10 ||    14
Block: Buckler           |       |       |    60 |   142 ||   202

Table legend:
 A = Non-vault XP
 B = Vault XP
 C = Vault XP percentage of total XP
 D = Non-vault monster count
 E = Vault monster count
 F = Vault count percentage of total count
                 A         B        C        D         E       F
            +---------+---------+-------+---------+---------+-------
      Total |   12935 |    7371 |  36.3 |     246 |     134 |  35.3
            +---------+---------+-------+---------+---------+-------
        D:1 |      50 |       0 |   0.0 |      25 |       0 |   0.0
        D:2 |      61 |       1 |   1.6 |      25 |       1 |   3.8
        D:3 |      94 |       0 |   0.0 |      25 |       0 |   0.0
        D:4 |     323 |     327 |  50.3 |       8 |      11 |  57.9
        D:5 |     400 |       0 |   0.0 |      14 |       0 |   0.0
        D:6 |     861 |     362 |  29.6 |      28 |       2 |   6.7
        D:7 |    1187 |     121 |   9.3 |      26 |       5 |  16.1
        D:8 |    1210 |     917 |  43.1 |      27 |       3 |  10.0
        D:9 |    1616 |    2921 |  64.4 |      27 |      37 |  57.8
      Orc:1 |    6431 |    1316 |  17.0 |      35 |      10 |  22.2
      Orc:2 |     702 |     251 |  26.3 |       6 |       3 |  33.3
    Ossuary |       0 |     545 | 100.0 |       0 |      30 | 100.0
     Bailey |       0 |     610 | 100.0 |       0 |      32 | 100.0
            +---------+---------+-------+---------+---------+-------
